 Dungeon Crawl Stone Soup version 0.31-a0-1009-g454b1f1e0a (webtiles) character file.

Game seed: 15381699230239552371

21 BinkBink the Changeling (level 2, 0/22 HPs)
             Began as a Merfolk Shapeshifter on Nov 15, 2023.
             Slain by a goblin
             ... wielding a +0 dagger
             ... led by Robin
              (4 damage)
             ... on level 1 of the Dungeon.
             The game lasted 00:01:04 (980 turns).

BinkBink the Changeling (Merfolk Shapeshifter)       Turns: 980, Time: 00:01:05

Health: 0/22       AC:  2    Str: 14    XL:     2   Next: 87%
Magic:  2/2        EV: 13    Int:  9    God:
Gold:   50         SH:  0    Dex: 13    Spells: 1/1 levels left

rFire   . .          .
                       - Unarmed
rCold   . . .        (no shield)
rNeg    . . .        a - +0 animal skin
rPois   .            (helmet currently unavailable)
rElec   .            (cloak currently unavailable)
rCorr   .            (gloves currently unavailable)
SInv    .            (boots currently unavailable)
Will    .....        (no amulet)
Stlth   +            (no ring)
HPRegen 0.23/turn    (no ring)
MPRegen 0.08/turn

%: no passive effects
@: beast-form
A: beast (slay +2), (nimble swimmer 2), mertail
a: Begin Untransformation


You were on level 1 of the Dungeon.
You were a hulking beast.
You visited 1 branch of the dungeon, and saw 2 of its levels.

You collected 50 gold pieces.

Inventory:

Armour
 a - a +0 animal skin (worn)
Talismans
 c - a beast talisman (active)
 d - a flux talisman
Scrolls
 e - a scroll of teleportation {unknown}
 f - a scroll of identify {unknown}
Potions
 b - a potion of lignification
 g - a potion of haste {unknown}


   Skills:
 + Level 1.7 Fighting
 + Level 3.2 Dodging
 + Level 3.6 Unarmed Combat
 + Level 4.3 Shapeshifting


You had one spell level left.
You didn't know any spells.
Your spell library was empty.

Dungeon Overview and Level Annotations

Branches:
Dungeon (2/15)

Altars:

Annotations:
D:2 Robin, Terence


Innate Abilities, Weirdness & Mutations

You are a hulking beast.
Your limbs bulge with bestial killing power. (Slay +2)
((You are very nimble when in or above water. (Stealth+, EV+, Speed+++)))
Your lower body shifts to a powerful aquatic tail in water.


Message History

The goblin shoots a sling bullet.
The sling bullet misses you.
A goblin comes into view. It is wielding a +0 dagger.
The goblin shouts!
A goblin comes into view. It is wielding a +0 dagger.
The goblin shouts!
A kobold comes into view. It is wielding a +0 club.
A kobold comes into view. It is wielding a +0 dagger.
A hobgoblin comes into view.
A goblin comes into view. It is wielding a +0 dagger.
A goblin comes into view. It is wielding a +0 club.
Robin, 2 goblins and a frilled lizard come into view.
Robin shouts!
The goblin shouts!
The frilled lizard hisses angrily.
Terence the Incautious comes into view.
He is wielding a +0 falchion and carrying a wand of polymorph.
The goblin shoots a sling bullet.
The sling bullet hits you.
The goblin moves out of view. x2; The frilled lizard moves out of view.
You hear a shout!
A goblin comes into view. It is wielding a +0 dagger.
The goblin shouts!
The kobold shouts!
The goblin hits you with a +0 dagger.
Robin roars a battlecry!
The goblins go into a battle-frenzy!
You hear a shout!
Robin roars a battlecry!
The kobold hits you with a +0 dagger.
There is a stone staircase leading up here.
The goblin hits you with a +0 dagger. The kobold hits you with a +0 dagger.
You climb upwards.
There is a stone staircase leading down here.
You closely miss the goblin. The goblin hits you with a +0 dagger.
* * * LOW HITPOINT WARNING * * *
The kobold hits you with a +0 dagger.
* * * LOW HITPOINT WARNING * * *
You closely miss the goblin. The goblin hits you with a +0 dagger.
* * * LOW HITPOINT WARNING * * *
The kobold closely misses you. The kobold closely misses you.
You hit the goblin.
The goblin is moderately wounded.
The goblin hits you with a +0 dagger.
You die...

##.......# #.#######. #.......#
#.# #. ##.......### #.# #####.
...........# #.# #....)
##.......#.##### #.# #.###.
#.............# #.# #...#.
#.......#.###.# #.###...#.
####...##.###>###### #.........
##.###....Kgh...# ######.### #.#
#####.####.# #.# #.# #.# ##.##
#.# ##.#######.###...# #.#
##..........##....# ###.###
##.....########....# #.....#
###...†...## ##..#### #.###.#
≈#.........####...#########.# #.#
≈≈~...>....'................###..


You could see a goblin (strong) and a kobold.

Vanquished Creatures
  3 ball pythons (D:1)
  A giant cockroach (D:1)
  4 goblins
  6 hobgoblins (D:1)
  A bat (D:1)
  A kobold (D:1)
  A rat (D:1)
17 creatures vanquished.

Notes
Turn   | Place    | Note
-------+----------+-------------------------------------------
     0 | D:1      | BinkBink the Merfolk Shapeshifter began the quest for the
                  | Orb.
     0 | D:1      | Reached XP level 1. HP: 15/15 MP: 1/1
   172 | D:1      | Found a faded altar of an unknown god.
   186 | D:1      | Reached XP level 2. HP: 18/21 MP: 2/2
   969 | D:2      | Noticed Robin
   969 | D:2      | Noticed Terence
   980 | D:1      | Slain by a goblin

Illustrated notes

Levels and vault maps discovered:
D:1:      lemuel_arrival_rhombus, layout_loops_corners,
          nicolae_ecumenical_lake_church
D:2:      layout_rooms, uniq_terence, uniq_robin, uniq_natasha

Skill      XL: |  1  2 |
---------------+-------+-----
Dodging        | 3 |  3.2
Fighting       | |  1.7
Unarmed Combat | |  3.6
Shapeshifting  | |  4.3

Action                     || total
---------------------------++-------
  Melee: Unarmed           ||    41
         Punch             ||     1
 Armour: Animal skin       ||    22
  Dodge: Dodged            ||    17
   Form: Beast             ||     1

Table legend: (Time is in decaauts)
 A = Elapsed time spent in this place.
 B = Non-inter-level travel time spent in this place.
 C = Inter-level travel time spent in this place.
 D = Time resting spent in this place.
 E = Time spent auto-exploring this place.
 F = Levels seen in this place.
 G = Mean time per level.
                   A        B        C        D        E       F      G
               +--------+--------+--------+--------+--------+-----+--------+
         Total |    971 |    936 |     35 |      0 |    803 |   2 |  485.5 |
       Dungeon |    971 |    936 |     35 |      0 |    803 |   2 |  485.5 |
               +--------+--------+--------+--------+--------+-----+--------+

Top non-repeatable levels by time:
     D:1: 954 daAuts
     D:2: 16 daAuts
